 Dungeon Crawl Stone Soup version 0.17.0-9-g801d43b (webtiles) character file.

127 shklvsk the Stinger (level 4, -1/36 HPs)
             Began as a Draconian Venom Mage on Nov 9, 2015.
             Slain by Archteshnor's ghost (7 damage)
             ... on level 4 of the Dungeon.
             The game lasted 00:11:04 (2713 turns).

shklvsk the Stinger (Draconian Venom Mage)          Turns: 2713, Time: 00:11:06

Health: -1/36      AC:  6    Str: 11    XL:     4   Next: 85%
Magic:  7/7        EV: 12    Int: 16    God:
Gold:   59         SH:  0    Dex: 16    Spells: 3 memorised, 1 level left

rFire  . . .     SeeInvis .     k - +2 hand axe (vamp)
rCold  . . .     Clarity  .     (armour unavailable)
rNeg   . . .     SustAt   .     (no shield)
rPois  .         Gourm    .     (helmet restricted)
rElec  .         Spirit   .     (no cloak)
rCorr  .         Warding  .     (no gloves)
rMut   .         Stasis   .     (no boots)
MR     .....                    (no amulet)
Stlth  ++........               q - +5 ring of dexterity
                                u - +1 ring of protection

@: not resistant to hostile enchantments, unstealthy
A: unfitting armour, cold-blooded, AC +5
a: no special abilities


You were on level 4 of the Dungeon.
You were hungry.

You visited 1 branch of the dungeon, and saw 4 of its levels.

You collected 59 gold pieces.

Inventory:

Hand Weapons
 d - a +0 dagger
 k - a +2 vampiric hand axe (weapon)
 o - a +0 blowgun
Missiles
 g - 77 stones (quivered)
 x - a throwing net
Jewellery
 j - an uncursed amulet of resist corrosion {unknown}
 p - an uncursed ring of stealth
 q - a +5 ring of dexterity (right hand)
 u - a +1 ring of protection (left hand)
Scrolls
 c - a scroll of identify
 n - a scroll of fear
Potions
 e - a potion of lignification
 f - 3 potions of heal wounds {unknown}
 h - 2 potions of brilliance {unknown}
 m - a potion of flight {unknown}
 r - a potion of cancellation {unknown}
 s - a potion of mutation {unknown}
 t - a potion of might {unknown}
Books
 a - a Young Poisoner's Handbook

   Spells                             Type                      Level
   a - Sting                          Conjuration/Poison           1
   b - Cure Poison                    Poison                       2
   c - Mephitic Cloud                 Conjuration/Poison/Air       3
   d - Olgreb's Toxic Radiance        Poison                       4
   e - Venom Bolt                     Conjuration/Poison           5
Comestibles
 b - 4 fruits
 i - 2 slices of pizza
 l - 2 beef jerkies


   Skills:
 + Level 2.1 Fighting
 - Level 0.2 Short Blades
 + Level 1.4 Axes
 - Level 1.7 Dodging
 - Level 1.7 Stealth
 - Level 2.0 Spellcasting
 * Level 3.5 Conjurations
 - Level 4.0 Poison Magic


You had one spell level left.
You knew the following spells:

 Your Spells              Type           Power        Failure   Level  Hunger
a - Sting                 Conj/Pois      ##..         6%          1    #......
b - Cure Poison           Pois           ##........   8%          2    ###....
c - Mephitic Cloud        Conj/Pois/Air  #.......     21%         3    ###....


Dungeon Overview and Level Annotations

Branches:
Dungeon (4/15)
 Temple: D:4-7

Altars:

Annotations:
D:1 1 runed door, exclusion: door
D:4 Archteshnor's ghost, novice HuGl; Sigmund


Innate Abilities, Weirdness & Mutations

Your plain brown scales are hard (AC +5).
Your body does not fit into most forms of armour.
You are cold-blooded and may be slowed by cold attacks.


Message History

You barely miss Archteshnor's ghost.
Archteshnor's ghost is heavily damaged.
Archteshnor's ghost misses you. Archteshnor's ghost hits you!
You hit Archteshnor's ghost but do no damage.
You tail-slap Archteshnor's ghost.
Archteshnor's ghost is heavily damaged.
Archteshnor's ghost misses you.
You hit Archteshnor's ghost but do no damage.
Archteshnor's ghost is heavily damaged.
Archteshnor's ghost hits you but does no damage.
You hit Archteshnor's ghost.
Archteshnor's ghost is heavily damaged.
Archteshnor's ghost hits you but does no damage.
You hit Archteshnor's ghost.
Archteshnor's ghost is severely damaged.
Archteshnor's ghost hits you!
* * * LOW HITPOINT WARNING * * *
Archteshnor's ghost shouts, "You must not succeed where I failed!"
Archteshnor's ghost hits you!
You die...

#.# ##.### .....#
##....# ..<.. ... #W#
#@# #.# #.# #.# #.#
### #.# #.## ##.####
#..#####.....#
#............#########


You could see Archteshnor's ghost.

Vanquished Creatures
  Robin (D:3)
  3 adders
  3 gnolls
  4 giant geckos
  An orc (D:2)
  6 bats
  2 giant cockroaches
  8 hobgoblins
  3 kobolds
  A ball python (D:1)
  4 giant newts
  11 goblins
  4 jackals (D:1)
  7 rats
58 creatures vanquished.

Notes
Turn   | Place    | Note
--------------------------------------------------------------
     0 | D:1      | shklvsk the Draconian Venom Mage began the quest for the Orb.
     0 | D:1      | Reached XP level 1. HP: 14/14 MP: 3/3
     1 | D:1      | Found a runed door.
     1 | D:1      | Noticed a jelly
    26 | D:1      | Reached skill level 1 in Conjurations
   157 | D:1      | Reached XP level 2. HP: 8/20 MP: 0/5
   390 | D:1      | Learned a level 2 spell: Cure Poison
  1096 | D:2      | Reached XP level 3. HP: 18/26 MP: 1/6
  1190 | D:2      | Learned a level 3 spell: Mephitic Cloud
  1719 | D:3      | Reached skill level 1 in Fighting
  1725 | D:3      | Noticed Robin
  1884 | D:3      | Reached XP level 4. HP: 35/35 MP: 5/7
  1931 | D:3      | Killed Robin
  1933 | D:3      | Reached skill level 1 in Axes
  2487 | D:3      | You fall through a shaft!
  2558 | D:4      | Noticed Sigmund
  2694 | D:4      | Noticed Archteshnor's ghost (novice HuGl)
  2713 | D:4      | Slain by Archteshnor's ghost

Action                   |  1- 3 |  4- 6 || total
-------------------------+-------+-------++-------
Melee: Dagger            |    38 |       ||    38
       Unarmed           |     7 |       ||     7
       Hand axe          |    85 |    48 ||   133
Throw: Stone             |     3 |       ||     3
 Cast: Sting             |    24 |     9 ||    33
       Cure Poison       |     1 |       ||     1
  Use: Potion            |     1 |       ||     1
       Scroll            |       |     8 ||     8
 Stab: Sleeping          |     2 |     2 ||     4
  Eat: Chunk             |     4 |     2 ||     6
       Bread ration      |     1 |       ||     1
